 Dungeon Crawl Stone Soup version 0.20-a0-1008-g0de3dc5 (console) character file.

287 vuev the Conjurer (level 6, -3/32 HPs)
             Began as a Deep Elf Conjurer on Apr 14, 2017.
             Slain by a killer bee (4 damage)
             ... on level 3 of the Dungeon.
             The game lasted 00:03:43 (2970 turns).

vuev the Conjurer (Deep Elf Conjurer)               Turns: 2970, Time: 00:03:44

Health: -3/32      AC:  2    Str:  5    XL:     6   Next: 8%
Magic:  7/16       EV: 18    Int: 22    God:
Gold:   133        SH:  0    Dex: 15    Spells: 13/16 levels left

rFire    . . .     SeeInvis .   e - +2 dagger (venom)
rCold    . . .     Gourm    .   (no shield)
rNeg     . . .     Faith    .   a - +0 robe
rPois    .         Spirit   .   (no helmet)
rElec    .         Reflect  .   (no cloak)
rCorr    .         Harm     .   (no gloves)
MR       .....                  (no boots)
Stlth    ++........             (no amulet)
Regen    0.1/turn               m - ring of wizardry
MPRegen  0.2/turn               k - +5 ring of evasion

@: lethally poisoned (-3 -> -9)
A: no striking features
a: no special abilities


You were on level 3 of the Dungeon.
You were not hungry.

You visited 1 branch of the dungeon, and saw 3 of its levels.

You collected 133 gold pieces.

Inventory:

Hand Weapons
 e - a +2 dagger of venom (weapon)
Armour
 a - a +0 robe (worn)
Jewellery
 i - an uncursed ring of resist corrosion
 k - a +5 ring of evasion (right hand)
 m - a ring of wizardry (left hand)
 o - an uncursed ring of fire
 r - an uncursed ring of stealth {unknown}
Scrolls
 d - a scroll of identify {unknown}
 f - 2 scrolls of immolation {unknown}
 j - a scroll of teleportation {unknown}
 p - a scroll of blinking {unknown}
 q - a scroll of enchant armour {unknown}
Potions
 g - a potion of degeneration {unknown}
 l - a potion of might {unknown}
 n - 2 potions of haste {unknown}
 s - a potion of lignification {unknown}
Books
 b - a book of Conjurations

   Spells                             Type                      Level
   a - Magic Dart                     Conjuration                  1
   b - Searing Ray                    Conjuration                  2
   c - Dazzling Spray                 Conjuration/Hexes            3
   d - Fulminant Prism                Conjuration/Hexes            4
   e - Force Lance                    Conjuration/Translocation    4
   f - Iskenderun's Mystic Blast      Conjuration                  4
Comestibles
 c - a bread ration
 h - 2 meat rations
 t - 2 chunks of flesh
 u - a royal jelly


   Skills:
 - Level 2.4 Dodging
 - Level 2.4 Stealth
 + Level 5.9 Spellcasting
 + Level 6.8 Conjurations


You had 13 spell levels left.
You knew the following spells:

 Your Spells              Type           Power        Failure   Level  Hunger
a - Magic Dart            Conj           ####         1%          1    None
r - Searing Ray           Conj           #####.       1%          2    None


Dungeon Overview and Level Annotations

Branches:
Dungeon (3/15)

Altars:


Message History

Casting: Searing Ray
Confirm with . or Enter, or press ? or * to list all spells.
Aiming: Searing Ray
Press: ? - help, Shift-Dir - straight line, f - killer bee
Aim: a killer bee (hasn't noticed you)
The searing ray hits the killer bee.
The killer bee is moderately wounded.
The killer bee buzzes angrily. (Press . to maintain the ray.)
The killer bee completely misses you.
The searing ray hits the killer bee.
The killer bee is heavily wounded.
The killer bee stings you.
* * * LOW HITPOINT WARNING * * *
You are lethally poisoned!
The killer bee poisons you! The killer bee barely misses you.
The searing ray misses the killer bee.
* * * LOW HITPOINT WARNING * * *
You feel sick. The killer bee barely misses you. The killer bee stings you.
You die...

#)#.........#
#.#.......#.#
#>#.......#.###
#.............
###.......#.###.%
#†#........%..y
#.####.........
#.#######.#####
#.y@.....>#
###########


You could see a killer bee.

Vanquished Creatures
  2 killer bees (D:3)
  Natasha (thrice) (D:2)
  5 adders (D:2)
  An ooze (D:3)
  3 worms (D:2)
  4 orcs
  7 giant cockroaches
  5 goblins
  7 hobgoblins
  2 jackals (D:3)
  7 kobolds
  A ball python (D:2)
  6 bats
  7 frilled lizards
  7 rats (D:1)
67 creatures vanquished.

Notes
Turn   | Place    | Note
-------+----------+-------------------------------------------
     0 | D:1      | vuev the Deep Elf Conjurer began the quest for the Orb.
     0 | D:1      | Reached XP level 1. HP: 10/10 MP: 6/6
   233 | D:1      | Reached XP level 2. HP: 15/15 MP: 6/8
   541 | D:1      | Reached skill level 5 in Conjurations
  1379 | D:1      | Learned a level 2 spell: Searing Ray
  1538 | D:2      | Reached XP level 3. HP: 19/19 MP: 6/10
  1930 | D:2      | Reached XP level 4. HP: 24/24 MP: 7/12
  2084 | D:2      | Noticed Natasha
  2088 | D:2      | Killed Natasha
  2155 | D:2      | Reached skill level 6 in Conjurations
  2158 | D:2      | Noticed Natasha
  2165 | D:2      | Killed Natasha
  2172 | D:2      | Noticed Natasha
  2256 | D:2      | Killed Natasha
  2256 | D:2      | Reached XP level 5. HP: 27/28 MP: 9/14
  2844 | D:3      | Reached skill level 5 in Spellcasting
  2961 | D:3      | Reached XP level 6. HP: 6/32 MP: 10/16
  2970 | D:3      | HP: 1/32 [poisoned by a killer bee]
  2970 | D:3      | Slain by a killer bee

Vault maps used:
D:1:      onia_arrival_larder, hangedman_decor_opposing, minmay_pentomino_p4
D:2:      guppyfry_early_orc_mine, uniq_natasha
D:3:      first_bread, uniq_jessica, uniq_robin

Skill      XL: |  1  2  3  4  5 |
---------------+----------------+-----
Conjurations   | 5 6 |  6.8
Spellcasting   | 4 5 |  5.9
Dodging        | |  2.4
Stealth        | |  2.4

Action                   |  1- 3 |  4- 6 || total
-------------------------+-------+-------++-------
 Cast: Magic Dart        |    57 |    32 ||    89
       Searing Ray       |     7 |    13 ||    20
  Eat: Chunk             |     3 |     3 ||     6
Armor: Robe              |     2 |     1 ||     3
Dodge: Dodged            |    12 |    19 ||    31
